 Dungeon Crawl Stone Soup version 0.27-a0-1217-g8a41f320e8 (webtiles) character file.

Game seed: 7135249723204170591

73 Ancestrald the Slasher (level 4, 0/41 HPs)
             Began as a Gnoll Chaos Knight on June 6, 2021.
             Was a Plaything of Xom.
             Slain by an adder (3 damage)
             ... on level 3 of the Dungeon.
             The game lasted 00:08:48 (2326 turns).

Ancestrald the Slasher (Gnoll Chaos Knight)         Turns: 2326, Time: 00:08:48

Health: 0/41       AC: 13    Str: 14    XL:     4   Next: 27%
Magic:  5/5        EV: 12    Int: 14    God:    Xom [...*..]
Gold:   80         SH:  0    Dex: 13    Spells: 5/5 levels left

rFire    . . .     SeeInvis .   i - +1 short sword (protect)
rCold    . . .     Faith    .   (no shield)
rNeg     . . .     Spirit   .   b - +2 leather armour
rPois    .         Reflect  .   (no helmet)
rElec    .         Harm     .   (no cloak)
rCorr    .         Rampage  .   (no gloves)
Will     .....                  c - +0 pair of boots
Stlth    +.........             (no amulet)
HPRegen  0.13/turn              (no ring)
MPRegen  0.09/turn              (no ring)

@: weak-willed, cleaving, under a protective aura
A: fangs 1, strong nose, distributed training, agile 1, clever 1, mutation
resistance 1, strong 1
a: Renounce Religion


You were on level 3 of the Dungeon.
You worshipped Xom.
You were a favourite toy of Xom.
You visited 1 branch of the dungeon, and saw 3 of its levels.

You collected 80 gold pieces.

Inventory:

Hand Weapons
 a - a +0 falchion of chaos
 e - a +0 dagger
 f - a +0 club
 i - a +1 short sword of protection (weapon)
 n - a +0 short sword of freezing
 o - a +1 dagger of draining
Missiles
 j - 96 stones (quivered)
 k - 12 arrows
Armour
 b - a +2 leather armour (worn)
 c - a +0 pair of boots (worn)
 g - a +0 robe
Scrolls
 h - 2 scrolls of enchant weapon {unknown}
Potions
 d - a potion of curing {unknown}
 l - a potion of ambrosia {unknown}
 m - a potion of invisibility {unknown}
 q - a potion of attraction {unknown}
 r - 2 potions of might {unknown}


   Skills:
 + Level 6.6 Fighting
 + Level 1.1 Short Blades
 + Level 6.6 Long Blades
 + Level 1.1 Axes
 + Level 1.1 Maces & Flails
 + Level 1.1 Polearms
 + Level 1.1 Staves
 + Level 1.1 Slings
 + Level 1.1 Bows
 + Level 1.1 Crossbows
 + Level 1.1 Throwing
 + Level 4.6 Armour
 + Level 2.7 Dodging
 + Level 1.1 Stealth
 + Level 1.1 Shields
 + Level 1.1 Unarmed Combat
 + Level 1.1 Spellcasting
 + Level 0.8 Conjurations
 + Level 0.8 Hexes
 + Level 0.8 Summonings
 + Level 0.8 Necromancy
 + Level 0.8 Translocations
 + Level 0.8 Transmutations
 + Level 0.8 Fire Magic
 + Level 0.8 Ice Magic
 + Level 0.8 Air Magic
 + Level 0.8 Earth Magic
 + Level 0.8 Poison Magic
 + Level 1.2 Invocations
 + Level 1.1 Evocations


You had 5 spell levels left.
You didn't know any spells.
Your spell library was empty.

Dungeon Overview and Level Annotations

Branches:
Dungeon (3/15)

Altars:
Xom


Innate Abilities, Weirdness & Mutations

You have very sharp teeth.
Your uncanny sense of smell can sniff out nearby items.
Your experience applies equally to all skills.
You are agile. (Dex +2)
Your mind is acute. (Int +2)
You are somewhat resistant to further mutation.
Your muscles are strong. (Str +2)


Message History

You barely miss the adder.
The adder is heavily wounded.
The goblin hits you but does no damage. The adder closely misses you.
Something hits you but does no damage.
You miss the adder. Your bite misses the adder.
The adder is heavily wounded.
The adder completely misses you. The goblin barely misses you.
Something hits you but does no damage.
You barely miss the adder.
The adder is heavily wounded.
The adder bites you but does no damage. The goblin hits you with a +0 dagger.
The adder bites you. Something hits you.
You completely miss the goblin. The goblin hits you but does no damage.
The adder completely misses you. Something hits you.
You closely miss something. The goblin barely misses you. The adder bites you.
You hear some strange, mumbled words.
A puff of flame appears from out of thin air!
The puff of flame hits you!
* * * LOW HITPOINT WARNING * * *
You barely miss the goblin. "Go forth and destroy!"
Your +1 short sword of protection looks sharp.
The adder closely misses you. The goblin hits you with a +0 dagger.
* * * LOW HITPOINT WARNING * * *
The adder barely misses you.
You hear some strange, mumbled words.
A puff of flame appears from out of thin air!
The puff of flame hits you.
* * * LOW HITPOINT WARNING * * *
Unknown command.
As you read the scroll labelled FIOZOS VUSO, it crumbles to dust.
Magic quickly surges around you.
It was a scroll of vulnerability.
The goblin closely misses you. The adder bites you.
* * * LOW HITPOINT WARNING * * *
Something barely misses you.
You hit the goblin.
Your weapon exudes an aura of protection.
You kill the goblin!
You completely miss the adder. You closely miss something. The adder bites you.
You die...

.. #.# ...##..... ...
#.# ........... .. #.#
........... #. #.#
........##+# #
#.###)##........ # #
###.#................#.#
.......K................
......S){...............
...###@#.##########.#..
# #.))..# #.. +.....#
#.. #.....# #.. .......#
#.. ######### #.. .. ..


You could see an adder (weak-willed) and a kobold (weak-willed).

Vanquished Creatures
  2 adders
  A dart slug (D:2)
  2 orcs (D:3)
  5 endoplasms
  A giant cockroach (D:1)
  8 goblins
  2 hobgoblins (D:1)
  6 jackals (D:3)
  2 quokkas
  4 ball pythons
  7 bats
  A frilled lizard (D:1)
  4 kobolds
  4 rats
49 creatures vanquished.

Vanquished Creatures (others)
  5 plants (D:1)
5 creatures vanquished.

Grand Total: 54 creatures vanquished

Notes
Turn   | Place    | Note
-------+----------+-------------------------------------------
     0 | D:1      | Ancestrald the Gnoll Chaos Knight began the quest for the
                  | Orb.
     0 | D:1      | Reached XP level 1. HP: 23/23 MP: 1/1
    44 | D:1      | XOM: silly message
   120 | D:1      | XOM: 8-stop teleportation journey
   128 | D:1      | Reached XP level 2. HP: 20/29 MP: 2/2
   484 | D:1      | XOM: torment (14/29 hp)
   857 | D:1      | Found a faded altar of an unknown god.
   883 | D:1      | XOM: draining
  1143 | D:1      | XOM: give mutations
  1143 | D:1      | Gained mutation: Your mind is acute. (Int +2) [Xom's grace]
  1143 | D:1      | Gained mutation: Your muscles are strong. (Str +2) [Xom's
                  | grace]
  1143 | D:1      | Gained mutation: You are somewhat resistant to further
                  | mutation. [Xom's grace]
  1143 | D:1      | Gained mutation: You are agile. (Dex +2) [Xom's grace]
  1241 | D:1      | XOM: 1-stop teleportation journey
  1266 | D:2      | Reached XP level 3. HP: 31/31 MP: 3/3
  1266 | D:2      | XOM: fog
  1268 | D:2      | XOM: confusion (+ monsters)
  1318 | D:2      | XOM: scenery: 1 doors open
  1355 | D:2      | XOM: 2-stop teleportation journey
  1456 | D:2      | Reached skill level 1 in Invocations
  1606 | D:2      | XOM is BORED!
  2045 | D:3      | Reached skill level 1 in Short Blades
  2045 | D:3      | Reached skill level 1 in Axes
  2045 | D:3      | Reached skill level 1 in Maces & Flails
  2045 | D:3      | Reached skill level 1 in Polearms
  2045 | D:3      | Reached skill level 1 in Staves
  2045 | D:3      | Reached skill level 1 in Slings
  2045 | D:3      | Reached skill level 1 in Bows
  2045 | D:3      | Reached skill level 1 in Crossbows
  2045 | D:3      | Reached skill level 1 in Throwing
  2045 | D:3      | Reached skill level 1 in Stealth
  2045 | D:3      | Reached skill level 1 in Shields
  2045 | D:3      | Reached skill level 1 in Unarmed Combat
  2045 | D:3      | Reached skill level 1 in Spellcasting
  2045 | D:3      | Reached skill level 1 in Evocations
  2058 | D:3      | Reached XP level 4. HP: 23/41 MP: 5/5
  2260 | D:3      | Found a shimmering altar of Xom.
  2324 | D:3      | XOM: cleaving
  2326 | D:3      | Slain by an adder

Illustrated notes

Levels and vault maps discovered:
D:1:      lemuel_arrival_muddy, layout_basic, serial_bayou,
          serial_bayou_lagoon_a, serial_bayou_pond_e, serial_bayou_ford_a,
          serial_bayou_shore_b, shapermc_ecumenical_altar_mp_urbaneastern
D:2:      layout_basic, dk_noncrumbling_2
D:3:      layout_basic, xom_teletrap_fun, st_stairs_3

Skill      XL: |  1  2  3 |
---------------+----------+-----
Invocations    | 1 |  1.2
Short Blades   | 1 |  1.1
Axes           | 1 |  1.1
Maces & Flails | 1 |  1.1
Polearms       | 1 |  1.1
Staves         | 1 |  1.1
Slings         | 1 |  1.1
Bows           | 1 |  1.1
Crossbows      | 1 |  1.1
Throwing       | 1 |  1.1
Stealth        | 1 |  1.1
Shields        | 1 |  1.1
Unarmed Combat | 1 |  1.1
Spellcasting   | 1 |  1.1
Evocations     | 1 |  1.1
Fighting       | |  6.6
Long Blades    | |  6.6
Armour         | |  4.6
Dodging        | |  2.7
Conjurations   | |  0.8
Hexes          | |  0.8
Summonings     | |  0.8
Necromancy     | |  0.8
Translocations | |  0.8
Transmutations | |  0.8
Fire Magic     | |  0.8
Ice Magic      | |  0.8
Air Magic      | |  0.8
Earth Magic    | |  0.8
Poison Magic   | |  0.8

Action                   |  1- 3 |  4- 6 || total
-------------------------+-------+-------++-------
Melee: Falchion          |    31 |       ||    31
       Short sword       |    93 |    50 ||   143
       Bite              |    11 |     4 ||    15
  Use: Scroll            |       |     1 ||     1
 Stab: Sleeping          |     2 |       ||     2
Armor: Leather armour    |    70 |    36 ||   106
Dodge: Dodged            |   105 |    51 ||   156
       Rpst.: Falchion   |     7 |       ||     7

Table legend: (Time is in decaauts)
 A = Elapsed time spent in this place.
 B = Non-inter-level travel time spent in this place.
 C = Inter-level travel time spent in this place.
 D = Time resting spent in this place.
 E = Time spent auto-exploring this place.
 F = Levels seen in this place.
 G = Mean time per level.
                   A        B        C        D        E       F      G
               +--------+--------+--------+--------+--------+-----+--------+
         Total |   2348 |   2326 |     22 |    264 |   1609 |   3 |  782.7 |
       Dungeon |   2348 |   2326 |     22 |    264 |   1609 |   3 |  782.7 |
               +--------+--------+--------+--------+--------+-----+--------+

Top non-repeatable levels by time:
     D:1: 1271 daAuts
     D:2: 752 daAuts
     D:3: 324 daAuts
